 Dungeon Crawl Stone Soup version 0.29.0-13-gc9e81de378 (webtiles) character file.

Game seed: 11631698724735451580

119 mortz the Conjurer (level 5, 0/28 HPs)
             Began as a Kobold Conjurer on Sept 11, 2022.
             Slain by Ijyb
             ... wielding a +5 spectral club
              (7 damage)
             ... on level 2 of the Dungeon.
             The game lasted 00:08:53 (2873 turns).

mortz the Conjurer (Kobold Conjurer)                Turns: 2873, Time: 00:08:53

Health: 0/28       AC:  2    Str:  4    XL:     5   Next: 23%
Magic:  5/9        EV: 14    Int: 22    God:
Gold:   108        SH:  0    Dex: 13    Spells: 5/10 levels left

rFire   . . .      SeeInvis .   a - +2 dagger (holy)
rCold   . . .      Faith    .   (no shield)
rNeg    . . .      Spirit   .   e - +0 robe
rPois   .          Reflect  .   (no helmet)
rElec   .          Harm     .   (no cloak)
rCorr   .          Rampage  .   (no gloves)
Will    .....                   (no boots)
Stlth   +++.......              (no amulet)
HPRegen 0.09/turn               (no ring)
MPRegen 0.11/turn               (no ring)

@: no status effects
A: small, no large weapons, nightstalker 3
a: no special abilities


You were on level 2 of the Dungeon.
You visited 1 branch of the dungeon, and saw 3 of its levels.

You collected 108 gold pieces.

Inventory:

Hand Weapons
 a - a +2 dagger of holy wrath (weapon)
 c - a +0 short sword
 f - a +0 dagger
 i - a +0 short sword
Armour
 e - a +0 robe (worn)
Magical Staves
 g - a staff of air
Jewellery
 n - a +4 ring of evasion
Scrolls
 j - a scroll of enchant weapon {unknown}
 l - a scroll of teleportation {unknown}
Potions
 b - a potion of magic
 d - a potion of attraction {unknown}
 h - a potion of invisibility
 k - a potion of lignification {unknown}
 m - a potion of resistance {unknown}


   Skills:
 + Level 0.5 Short Blades
 + Level 2.7 Dodging
 + Level 3.6 Stealth
 + Level 3.3 Spellcasting
 + Level 5.1 Conjurations


You had 5 spell levels left.
You knew the following spells:

 Your Spells              Type           Power      Damage    Failure   Level
a - Magic Dart            Conj           100%       1d8       1%          1
b - Searing Ray           Conj           52%        2d6       2%          2
c - Poisonous Vapours     Pois/Air       6%         N/A       19%         2

Your spell library contained the following spells:

 Spells                   Type           Power      Damage    Failure   Level
 Sting                    Tmut/Pois      12%        1d3       12%         1
 Dazzling Flash           Conj/Hex       28%        N/A       13%         3
 Fulminant Prism          Conj/Hex       7%         3d7       38%         4
 Iskenderun's Mystic Bla  Conj/Tloc      14%        2d5       38%         4
 Olgreb's Toxic Radiance  Pois           3%         N/A       77%         4


Dungeon Overview and Level Annotations

Branches:
Dungeon (3/15) Zot: 15126

Altars:

Annotations:
D:2 Ijyb


Innate Abilities, Weirdness & Mutations

You are small and have problems with some larger weapons.
You are completely attuned to the shadows.


Message History

You climb upwards.
There is a stone staircase leading down here.
You start resting.
Magic restored.
You start resting.
HP restored.
You see here a +0 dagger.
Found an escape hatch in the ceiling.
Found a stone staircase leading down.
Found a ring mail.
There is a stone staircase leading down here.
There is an escape hatch in the ceiling here.
An adder comes into view.
The magic dart hits the adder!
The adder is severely wounded.
The adder hisses angrily.
The magic dart hits the adder!
You kill the adder!
Magic restored.
Found a mace.
You see here an adder corpse.
Ijyb the Twisted Goblin comes into view.
She is wielding a +5 spectral club and carrying a wand of digging (4).
Casting: Magic Dart (safe; 1% risk of failure)
Confirm with . or Enter, or press ? or * to list all spells.
Aiming: Searing Ray (safe; 2% risk of failure)
Press: ? - help, Shift-Dir - straight line, f - Ijyb
Aim: Ijyb, wielding a +5 spectral club, wearing a +0 chain mail and carrying a wand of digging (4) (wandering, hasn't noticed you, 79% to hit)
The searing ray hits Ijyb.
Ijyb is lightly wounded.
Ijyb shouts! (Press . to maintain the ray.) Ijyb hits you with a +5 spectral club!
The searing ray hits Ijyb but does no damage.
Ijyb is lightly wounded.
Ijyb hits you with a +5 spectral club!
* * * LOW HITPOINT WARNING * * *
The searing ray hits Ijyb.
Ijyb is moderately wounded.
Ijyb hits you with a +5 spectral club!
You die...

..............8.8.8.8.#..........
..............#########..###.....
#.....................<....#.....
#..........).....................
........................).
......####................
......# ###.........#...##
.....## #.†..............#
.....####@####.....#...<..
........g.# #............
......########......######
.....^....)........## #
.....^_..######....# # #...#..^##
###### # ########


You could see Ijyb.

Vanquished Creatures
  An iguana (D:3)
  An adder (D:2)
  3 gnolls (D:3)
  A dart slug (D:1)
  An orc (D:3)
  6 ball pythons
  4 endoplasms
  3 giant cockroaches
  8 goblins
  5 hobgoblins
  4 kobolds
  A quokka (D:2)
  5 bats
  2 frilled lizards (D:1)
  5 rats
50 creatures vanquished.

Notes
Turn   | Place    | Note
-------+----------+-------------------------------------------
     0 | D:1      | mortz the Kobold Conjurer began the quest for the Orb.
     0 | D:1      | Reached XP level 1. HP: 10/10 MP: 3/3
   268 | D:1      | Reached XP level 2. HP: 15/15 MP: 1/5
   271 | D:1      | Learned a level 2 spell: Searing Ray
  1073 | D:1      | Reached XP level 3. HP: 19/19 MP: 6/6
  2141 | D:2      | Reached XP level 4. HP: 24/24 MP: 5/7
  2144 | D:2      | Learned a level 2 spell: Poisonous Vapours
  2169 | D:2      | Found a faded altar of an unknown god.
  2172 | D:2      | You fall into a shaft and drop 1 floor!
  2291 | D:3      | Reached skill level 5 in Conjurations
  2614 | D:3      | Reached XP level 5. HP: 12/28 MP: 5/9
  2870 | D:2      | Noticed Ijyb
  2873 | D:2      | Slain by Ijyb

Illustrated notes

Levels and vault maps discovered:
D:1:      dpeg_arrival_water_temple_mockup, layout_loops_corners,
          wad_floor_pattern_untrapped, st_stairs_8
D:2:      kennysheep_the_goblin_king, layout_rooms,
          ebering_ecumenical_altar_webs
D:3:      layout_basic, serial_shops, nicolae_shop_stone

Skill      XL: |  1  2  3  4 |
---------------+-------------+-----
Stealth        | 3 |  3.6
Conjurations   | 5 |  5.1
Spellcasting   | 3 |  3.3
Short Blades   | |  0.5
Dodging        | |  2.7

Action                   |  1- 3 |  4- 6 || total
-------------------------+-------+-------++-------
Melee: Unarmed           |    14 |       ||    14
       Punch             |     1 |       ||     1
       Dagger            |     8 |     8 ||    16
 Cast: Magic Dart        |    49 |     4 ||    53
       Searing Ray       |     4 |     5 ||     9
  Use: Scroll            |     3 |       ||     3
 Stab: Sleeping          |     8 |     1 ||     9
Armor: Robe              |     5 |       ||     5
Dodge: Dodged            |    24 |     9 ||    33
